 Dungeon Crawl Stone Soup version 0.29.1-2-gbd0b4ee654 (webtiles) character file.

Game seed: 3699582549901992934

4825 styxcanada the Unseen (level 10, -4/51 HPs)
             Began as a Spriggan Brigand on Nov 7, 2022.
             Was an Initiate of Gozag.
             Killed by the air
             ... invoked by Gastronok
              (37 damage)
             ... on level 9 of the Dungeon on Nov 8, 2022.
             The game lasted 00:34:06 (11089 turns).

styxcanada the Unseen (Spriggan Brigand)           Turns: 11089, Time: 00:34:08

Health: -4/51      AC:  4    Str:  7    XL:     10   Next: 25%
Magic:  17/17      EV: 26    Int: 13    God:    Gozag
Gold:   468        SH:  0    Dex: 21    Spells: 6/17 levels left

rFire   . . .      SeeInvis +   x - +4 short sword (spect)
rCold   . . .      Faith    .   (no shield)
rNeg    . . .      Spirit   .   b - +1 robe
rPois   .          Reflect  .   (helmet restricted)
rElec   .          Harm     .   c - +0 cloak
rCorr   .          Rampage  .   (gloves unavailable)
Will    +....                   (boots unavailable)
Stlth   ++++++....              (no amulet)
HPRegen 0.17/turn               z - +4 ring of evasion
MPRegen 0.15/turn               (no ring)

@: gold aura, very quick
A: very small, no large weapons, unfitting armour, see invisible, speed 3
a: Renounce Religion, Potion Petition, Call Merchant, Bribe Branch


You were on level 9 of the Dungeon.
You worshipped Gozag.
Gozag was aware of your devotion.
You visited 1 branch of the dungeon, and saw 9 of its levels.

You collected 690 gold pieces.
You spent 92 gold pieces at shops.
You paid 130 gold pieces to Gozag.

Inventory:

Hand Weapons
 j - a +4 dagger of protection
 l - a +3 dagger of flaming
 p - a +2 short sword of protection
 x - a +4 spectral short sword (weapon)
Missiles
 d - 6 poisoned darts (quivered)
 f - 83 stones
 m - 14 boomerangs
 w - 2 throwing nets
Armour
 b - a +1 robe (worn)
 c - a +0 cloak (worn)
Magical Staves
 A - a staff of poison
Jewellery
 y - a ring of positive energy
 z - a +4 ring of evasion (left hand)
 C - a +4 ring of protection
Wands
 r - a wand of polymorph (7)
Scrolls
 e - a scroll of magic mapping
 h - 4 scrolls of blinking
 k - 4 scrolls of teleportation
 s - 2 scrolls of summoning
 v - 4 scrolls of amnesia
 D - a scroll of brand weapon
 E - 2 scrolls of identify
Potions
 g - 2 potions of flight
 i - 3 potions of invisibility
 n - a potion of mutation
 o - a potion of brilliance
 q - 4 potions of lignification
 u - a potion of cancellation
 B - a potion of curing
 F - a potion of might


   Skills:
 * Level 4.4 Fighting
 + Level 5.9 Short Blades
 + Level 4.3 Throwing
 * Level 7.0 Dodging
 * Level 15.1 Stealth
 * Level 4.0 Spellcasting
 * Level 1.5 Conjurations
 * Level 2.5 Hexes
 * Level 2.4 Summonings
 * Level 4.4 Evocations


You had 6 spell levels left.
You knew the following spells:

 Your Spells              Type           Power      Damage    Failure   Level
a - Call Canine Familiar  Summ           8%         N/A       22%         3
b - Dazzling Flash        Conj/Hex       14%        N/A       26%         3
c - Metabolic Englaciati  Hex/Ice        2%         N/A       98%         5

Your spell library contained the following spells:

 Spells                   Type           Power      Damage    Failure   Level
 Portal Projectile        Hex/Tloc       10%        N/A       36%         3
 Gell's Gravitas          Tloc           2%         N/A       52%         3
 Teleport Other           Tloc           2%         N/A       52%         3
 Leda's Liquefaction      Hex/Erth       2%         N/A       77%         4
 Petrify                  Tmut/Erth      2%         N/A       90%         4
 Silence                  Hex/Air        2%         N/A       98%         5
 Agony                    Necr           2%         N/A       99%         5
 Dispersal                Tloc           1%         N/A       100%        6
 Statue Form              Tmut/Erth      1%         N/A       100%        6


Dungeon Overview and Level Annotations

Branches:
Dungeon (9/15)             Temple (0/1) D:7
   Lair: D:8-11         Orc: D:9-12

Altars:
Ashenzari
Cheibriados
Fedhas
Gozag
Hepliaklqana
Makhleb
Nemelex Xobeh
Okawaru
Sif Muna
Uskayaw
Wu Jian
Xom
Yredelemnul
Zin
The Shining One

Shops:
D:5 =[((*   D:6 *

Annotations:
D:3 BuzzyBeetle's ghost, amateur GrFi
D:9 Gastronok


Innate Abilities, Weirdness & Mutations

You are very small and have problems with some larger weapons.
You are too small for most types of armour.
You have supernaturally acute eyesight. (SInv)
You cover ground extremely quickly. (Speed+++)


Message History

Okay, then.
You drop 2 potions of attraction.
You drop a +2 dagger.
Done exploring.
(D) Dungeon (T) Temple
Where to? (Enter - D:8, ? - help)
What level of the Dungeon? (default 1, ? - help)
You open the door.
There is an open door here.
You see here a +0 spear of flaming.
There is a stone staircase leading down here.
You climb downwards.
Found a scroll of enchant weapon.
There is a stone staircase leading up here.
There are monsters nearby!
Found a bubbling dark potion.
Found a stone staircase leading down.
Gastronok the Ponderous comes into view.
Found 10 gold pieces.
The helpless acid dragon fails to defend itself.
You perforate the acid dragon like a sieve!!!!
You kill the acid dragon!
You now have 468 gold pieces (gained 16).
Gastronok gurgles horribly!
Gastronok waves his eye-stalks in wide circles.
The air twists around and strikes you!
Something unseen opens the door.
Gastronok bites you.
You hit Gastronok but do no damage.
Your +4 spectral short sword hits Gastronok!
You hit Gastronok.
Gastronok is lightly wounded.
Your +4 spectral short sword hits Gastronok!
You hit Gastronok but do no damage.
Gastronok is lightly wounded.
Your +4 spectral short sword hits Gastronok.
Gastronok waves his eye-stalks in wide circles.
The air twists around and strikes you!!!
Ouch! That really hurt!
You die...
Your body crumbles into a pile of gold.

########## #####
#...(...!# #...#####
#...w@...###.......#
#.ยง................#
#..z$..............#
#...#+##.....##....
##'#.#.##...........#
#....#..........#....
#.....<#........# ..
........#.#.###.....
...........># +##...


You could see Gastronok, a wight and a friendly +4 spectral short sword
(summoned).

Vanquished Creatures
  Pikel (D:5)
  A kobold demonologist (D:8)
  Maggie (D:7)
  A hornet (D:8)
  Grinder (D:5)
  A shadow (D:6)
  Eustachio (D:5)
  A steam dragon (D:7)
  An acid dragon (D:9)
  3 water moccasins
  An ice beast (D:7)
  A sky beast (D:7)
  2 ogres
  2 black bears
  5 centaurs
  A phantom (D:5)
  2 bullfrogs (D:7)
  4 necrophages
  2 scorpions (D:4)
  4 wights (D:7)
  2 howler monkeys (D:7)
  3 jellies
  5 orc priests
  4 hounds
  2 iguanas
  Ijyb (D:3)
  2 orc wizards
  8 gnolls
  12 adders
  A white imp (D:6)
  A worm (D:5)
  6 dart slugs
  23 orcs
  9 endoplasms
  7 giant cockroaches
  12 goblins
  11 hobgoblins
  7 jackals (D:4)
  3 quokkas
  6 ball pythons
  7 bats
  2 frilled lizards
  6 kobolds
  7 rats
183 creatures vanquished.

Vanquished Creatures (collateral kills)
  An orc (D:3)
1 creature vanquished.

Vanquished Creatures (others)
  3 orcs (D:7)
  2 fungi (D:7)
  A plant (D:6)
6 creatures vanquished.

Grand Total: 190 creatures vanquished

Notes
Turn   | Place    | Note
-------+----------+-------------------------------------------
     0 | D:1      | styxcanada the Spriggan Brigand began the quest for the
                  | Orb.
     0 | D:1      | Reached XP level 1. HP: 10/10 MP: 2/2
    28 | D:1      | Reached skill level 6 in Stealth
   182 | D:1      | Reached XP level 2. HP: 11/14 MP: 3/3
   665 | D:1      | Reached XP level 3. HP: 18/18 MP: 4/4
   742 | D:1      | Found a faded altar of an unknown god.
   768 | D:1      | Reached skill level 7 in Stealth
  1337 | D:2      | Identified the +2 helmet "Men Dul" {rC+ SInv}
  1963 | D:2      | Found a glowing golden altar of the Shining One.
  2010 | D:2      | Reached XP level 4. HP: 23/23 MP: 5/5
  2503 | D:3      | Found a transporter.
  2518 | D:3      | Noticed Ijyb
  2548 | D:3      | Killed Ijyb
  2549 | D:3      | Reached skill level 8 in Stealth
  2771 | D:3      | Found an ornate altar of the Wu Jian Council.
  2867 | D:3      | Found a shimmering altar of Xom.
  2925 | D:3      | Reached XP level 5. HP: 20/26 MP: 6/6
  3034 | D:3      | Found a hazy altar of Hepliaklqana.
  3046 | D:3      | Found a broken altar of Ashenzari.
  3285 | D:3      | Noticed BuzzyBeetle's ghost (amateur GrFi)
  3302 | D:3      | Found a transporter.
  3812 | D:4      | Reached skill level 9 in Stealth
  3847 | D:4      | Reached XP level 6. HP: 4/32 MP: 7/7
  4773 | D:4      | Reached skill level 10 in Stealth
  5058 | D:4      | Reached XP level 7. HP: 35/35 MP: 8/8
  5133 | D:4      | Found a shimmering blue altar of Sif Muna.
  5152 | D:4      | Found a snail-covered altar of Cheibriados.
  5652 | D:5      | Entered Level 5 of the Dungeon
  5652 | D:5      | Noticed Grinder
  5652 | D:5      | Found Diwakaxi's Antique Armour Shop.
  5655 | D:5      | Reached skill level 11 in Stealth
  5660 | D:5      | Killed Grinder
  5661 | D:5      | Reached XP level 8. HP: 40/40 MP: 9/9
  5683 | D:5      | Reached skill level 12 in Stealth
  5712 | D:5      | Found Irchioparr's Weapon Shoppe.
  5920 | D:5      | Reached skill level 5 in Dodging
  5999 | D:5      | Learned a level 3 spell: Call Canine Familiar
  6345 | D:5      | Found Vinuar's Weapon Boutique.
  6531 | D:5      | Found Hijap's Jewellery Shoppe.
  6533 | D:5      | Reached skill level 1 in Evocations
  6542 | D:5      | Noticed Pikel
  6555 | D:5      | Noticed Eustachio
  6562 | D:5      | Killed Eustachio
  6563 | D:5      | Reached skill level 13 in Stealth
  6563 | D:5      | Reached skill level 1 in Spellcasting
  6600 | D:5      | HP: 2/40 [lemure[Pikel] (5)]
  6607 | D:5      | Killed Pikel
  6608 | D:5      | Reached skill level 1 in Summonings
  6608 | D:5      | Reached XP level 9. HP: 3/45 MP: 10/13
  7254 | D:5      | Found Jeurphit's Assorted Antiques.
  7273 | D:5      | Bought a scroll of identify for 46 gold pieces
  7273 | D:5      | Bought a scroll of identify for 46 gold pieces
  7395 | D:6      | Found a blossoming altar of Fedhas.
  7395 | D:6      | Found a burning altar of Makhleb.
  7413 | D:6      | Found a glowing silver altar of Zin.
  7860 | D:6      | Identified the +5 ring mail "Ylimes" {rF- Str+5 Dex+4}
  8006 | D:6      | Found Zufrot Atau's Fire Supplies.
  8009 | D:6      | Reached skill level 14 in Stealth
  8018 | D:6      | Learned a level 3 spell: Dazzling Flash
  8361 | D:7      | Noticed Maggie
  8387 | D:7      | Reached skill level 1 in Hexes
  8402 | D:7      | HP: 2/45 [Maggie/+0 broad axe of flaming (4)]
  8410 | D:7      | Killed Maggie
  8692 | D:7      | Found an opulent altar of Gozag.
  8701 | D:7      | Became a worshipper of Gozag Ym Sagoz the Greedy
  8717 | D:7      | Found a hide-covered altar of Uskayaw.
  8758 | D:7      | Reached skill level 5 in Short Blades
  8768 | D:7      | Reached skill level 1 in Conjurations
  9091 | D:7      | Found a sparkling altar of Nemelex Xobeh.
  9751 | D:7      | Reached XP level 10. HP: 50/50 MP: 16/16
  9754 | D:7      | Found a staircase to the Ecumenical Temple.
 10269 | D:8      | Reached skill level 15 in Stealth
 10500 | D:8      | Learned a level 5 spell: Metabolic Englaciation
 10875 | D:8      | Found an iron altar of Okawaru.
 10886 | D:8      | Found a basalt altar of Yredelemnul.
 11075 | D:9      | Noticed Gastronok
 11089 | D:9      | Killed from afar by Gastronok

Illustrated notes

Levels and vault maps discovered:
D:1:      minmay_arrival_diagonal_passages, layout_basic,
          shapermc_ecumenical_altar_ellora
D:2:      layout_rooms, basic_altar
D:3:      layout_basic, nzn_hepliaklqana_mist_gate, xom_teletrap_fun,
          mainiacjoe_overflow_alcove_4, overflow_temple_1_default,
          gammafunk_ghost_stat_death, minmay_bisected, uniq_ijyb
D:4:      layout_cave_pods, lemuel_coloured_pillars_altar,
          nicolae_overflow_hidden_temple
D:5:      layout_basic, serial_shops, nicolae_diamond_shop,
          nicolae_shop_bloodbath_and_beyond, nicolae_stop_n_shop_2, shop,
          nicolae_shop_window_shopping, uniq_eustachio, uniq_pikel, uniq_grinder
D:6:      layout_gridville, gammafunk_temple_overflow_forgotten,
          nicolae_shop_fire_sale [nicolae_sub_dead_trees]
D:7:      layout_layer_cave, nicolae_uskayaw_murder_on_the_dancefloor,
          mainiacjoe_overflow_boulevard, general_overflow_altar,
          minmay_temple_entry_ruins, nicolae_ossuary_entry_plus,
          grunt_ministairs_7, minivault_11, uniq_maggie
D:8:      layout_loops_corners, minitemple, serial_glass, glass_columns_b,
          glass_columns_c, glass_columns_b, glass_columns_b, glass_columns_c,
          glass_columns_b
D:9:      nzn_winding_woodlands_cross [nzn_winding_woodlands_5x15_pool,
          nzn_winding_woodlands_5x15_sawtooth,
          nzn_winding_woodlands_5x15_garden, nzn_winding_woodlands_5x15_crooked,
          nzn_winding_woodlands_15x15_five_gardens], layout_basic,
          kennysheep_flooded_box, uniq_gastronok

Skill      XL: |  1  2  3  4  5  6  7  8  9 10 |
---------------+-------------------------------+-----
Stealth        | 6 7 8 9 10 11 13 14 15 | 15.1
Dodging        | 2 3 4 5 6 7 |  7.0
Fighting       | 2 3 4 |  4.4
Short Blades   | 3 4 5 |  5.9
Throwing       | 3 4 |  4.3
Evocations     | 2 4 |  4.4
Spellcasting   | 2 3 4 |  4.0
Summonings     | 1 2 |  2.4
Hexes          | 2 |  2.5
Conjurations   | 1 |  1.5

Action                   |  1- 3 |  4- 6 |  7- 9 | 10-12 || total
-------------------------+-------+-------+-------+-------++-------
Melee: Dagger            |   119 |   105 |   135 |       ||   359
       Punch             |     1 |     1 |     2 |       ||     4
       Unarmed           |       |    21 |       |       ||    21
       Short sword       |       |       |   132 |    27 ||   159
Throw: Dart              |     6 |    36 |    33 |       ||    75
       Stone             |       |       |     1 |       ||     1
Evoke: Wand              |       |       |     1 |       ||     1
  Use: Scroll            |     5 |     8 |     7 |     2 ||    22
       Potion            |       |       |     5 |       ||     5
 Stab: Sleeping          |    12 |    18 |    21 |     5 ||    56
       Confused          |       |     4 |       |       ||     4
       Distracted        |       |       |     2 |     1 ||     3
Armor: Robe              |    15 |    14 |     9 |     1 ||    39
       Skin              |       |     3 |       |       ||     3
Dodge: Dodged            |    72 |    94 |   168 |    19 ||   353
